 Dungeon Crawl Stone Soup version 0.28-a0-563-gf77a47075d (webtiles) character file.

Game seed: 11017478892037590760

821 timneilson the Shield-Bearer (level 7, 0/44 HPs)
             Began as a Gargoyle Fighter on Sept 30, 2021.
             Slain by an ogre (14 damage)
             ... on level 6 of the Dungeon.
             The game lasted 00:07:01 (5614 turns).

timneilson the Shield-Bearer (Gargoyle Fighter)     Turns: 5614, Time: 00:07:02

Health: 0/44       AC: 17    Str: 22    XL:     7   Next: 95%
Magic:  7/7        EV:  8    Int:  8    God:
Gold:   337        SH: 10    Dex:  9    Spells: 6/6 levels left

rFire   . . .      SeeInvis .   a - +0 long sword
rCold   . . .      Faith    .   c - +0 buckler
rNeg    + . .      Spirit   .   e - +0 chain mail
rPois   ∞          Reflect  +   l - +0 helmet
rElec   +          Harm     .   m - +0 cloak
rCorr   .          Rampage  .   (no gloves)
Will    .....                   (no boots)
Stlth   ..........              j - amulet of reflection
HPRegen 0.14/turn               (no ring)
MPRegen 0.10/turn               (no ring)

@: no status effects
A: sickness immunity, AC +4, negative energy resistance 1, electricity
resistance, torment resistance 1, petrification resistance
a: no special abilities


You were on level 6 of the Dungeon.
You visited 2 branches of the dungeon, and saw 7 of its levels.

You collected 337 gold pieces.

Inventory:

Hand Weapons
 a - a +0 long sword (weapon)
Armour
 c - a +0 buckler (worn)
 e - a +0 chain mail (worn)
 l - a +0 helmet (worn)
 m - a +0 cloak (worn)
Jewellery
 d - a ring of resist corrosion
 j - an amulet of reflection (around neck)
Wands
 h - a wand of flame (22)
 k - a wand of polymorph (10)
Scrolls
 b - a scroll of amnesia
Potions
 f - a potion of curing
 g - a potion of heal wounds {unknown}
 n - 2 potions of haste {unknown}
 o - a potion of resistance {unknown}


   Skills:
 + Level 4.5 Fighting
 * Level 4.1 Long Blades
 * Level 5.5 Armour
 + Level 2.0 Dodging
 * Level 5.8 Shields
 + Level 1.5 Evocations


You had 6 spell levels left.
You didn't know any spells.
Your spell library contained the following spells:

 Spells                   Type           Power      Damage    Failure   Level
 Sandblast                Erth           0%         2d4       98%         1
 Passwall                 Tmut/Erth      0%         N/A       99%         2
 Wereblood                Tmut           0%         N/A       99%         2
 Dazzling Flash           Conj/Hex       0%         N/A       100%        3
 Stone Arrow              Conj/Erth      0%         3d7       100%        3
 Airstrike                Air            0%         N/A       100%        4
 Iskenderun's Mystic Bla  Conj/Tloc      0%         2d3       100%        4
 Summon Lightning Spire   Summ/Air       0%         N/A       100%        4
 Lightning Bolt           Conj/Air       0%         1d11      100%        5
 Starburst                Conj/Fire      0%         6d3       100%        6
 Summon Hydra             Summ           0%         N/A       100%        7
 Sublimation of Blood     Necr           Unusable   N/A       N/A         2

Dungeon Overview and Level Annotations

Branches:
Dungeon (6/15)             Temple (1/1) D:4

Altars:
Ashenzari
Cheibriados
Dithmenos
Elyvilon
Fedhas
Gozag
Kikubaaqudgha
Nemelex Xobeh
Qazlal
Ru
Sif Muna
Uskayaw
Vehumet
Wu Jian
Xom
Yredelemnul
Zin


Innate Abilities, Weirdness & Mutations

You are immune to sickness and miasma.
Your stone body is resilient. (AC +4)
You are immune to poison.
You resist negative energy. (rN+)
You are resistant to electric shocks. (rElec)
You are resistant to unholy torment.
You are immune to petrification.


Message History

As you read the scroll labelled LEAXOF WYSELIE, it crumbles to dust.
You hear a loud clanging noise!
It was a scroll of noise.
Okay, then.
You see here a +0 mace of protection.
There is a stone staircase leading down here.
You climb downwards.
Found a stone staircase leading down.
There is a stone staircase leading up here.
An ogre comes into view. It is wielding a +0 giant club.
Found a ring mail.
Found an escape hatch in the floor.
The ogre shouts!
You hit the ogre.
The ogre is lightly wounded.
You block the ogre's attack.
Your chain mail prevents you from hitting the ogre.
The ogre is lightly wounded.
You block the ogre's attack.
You barely miss the ogre.
The ogre is lightly wounded.
You hit the ogre.
The ogre is moderately wounded.
The ogre hits you with a +0 giant club!
You hit the ogre.
The ogre is moderately wounded.
The ogre closely misses you.
You barely miss the ogre.
The ogre is moderately wounded.
The ogre hits you with a +0 giant club!
* * * LOW HITPOINT WARNING * * *
You barely miss the ogre.
The ogre is moderately wounded.
You block the ogre's attack.
You slash the ogre!
The ogre is almost dead.
The ogre hits you but does no damage.
You closely miss the ogre.
The ogre is almost dead.
The ogre hits you with a +0 giant club!
You die...

### #..
#.# #.#
##.##
#...#
#..<#
#.@##
#..O[....#
#..##.#.>.
#... #
##>. ##.#
.# .#


You could see an ogre.

Vanquished Creatures
  A black bear (D:5)
  A necrophage (D:5)
  An ogre (D:5)
  2 phantoms (D:5)
  A scorpion (D:5)
  An orc priest (D:3)
  4 hounds
  Jessica (D:2)
  An orc wizard (D:3)
  4 adders
  A white imp (D:5)
  3 worms
  A dart slug (D:1)
  9 orcs
  2 bats (D:2)
  4 endoplasms
  4 giant cockroaches
  10 goblins
  9 hobgoblins
  15 jackals
  2 quokkas
  5 ball pythons
  2 frilled lizards (D:3)
  5 kobolds
  3 rats
92 creatures vanquished.

Vanquished Creatures (others)
  23 fungi (D:5)
23 creatures vanquished.

Grand Total: 115 creatures vanquished

Notes
Turn   | Place    | Note
-------+----------+-------------------------------------------
     0 | D:1      | timneilson the Gargoyle Fighter began the quest for the
                  | Orb.
     0 | D:1      | Reached XP level 1. HP: 14/14 MP: 1/1
   468 | D:1      | Reached XP level 2. HP: 19/19 MP: 2/2
  1122 | D:2      | Reached XP level 3. HP: 11/23 MP: 3/3
  1502 | D:2      | Noticed Jessica
  1520 | D:2      | Killed Jessica
  1521 | D:2      | Reached XP level 4. HP: 23/28 MP: 4/4
  2494 | D:3      | Reached skill level 1 in Dodging
  2698 | D:3      | Reached XP level 5. HP: 22/33 MP: 5/5
  3331 | D:3      | Found an ancient bone altar of Kikubaaqudgha.
  3392 | D:3      | Found a stormy altar of Qazlal.
  3392 | D:3      | Found a snail-covered altar of Cheibriados.
  3743 | D:4      | Reached XP level 6. HP: 27/38 MP: 6/6
  4013 | D:4      | Found a staircase to the Ecumenical Temple.
  4021 | Temple   | Entered the Ecumenical Temple
  4396 | D:5      | Entered Level 5 of the Dungeon
  4418 | D:5      | Reached skill level 5 in Shields
  4718 | D:5      | Reached XP level 7. HP: 43/43 MP: 7/7
  4800 | D:5      | Reached skill level 5 in Armour
  4894 | D:5      | Reached skill level 1 in Evocations
  5337 | D:5      | Found a sacrificial altar of Ru.
  5614 | D:6      | Slain by an ogre

Illustrated notes

Levels and vault maps discovered:
D:1:      scummos_arrival_hexagon, layout_basic, minmay_pentomino_w2
D:2:      layout_basic, minmay_distorted, uniq_jessica
D:3:      layout_loops_cross, jmf_multi_god_temple, mainiacjoe_overflow_chevrons
D:4:      layout_cave_pools, minmay_temple_entry_large_hall
D:5:      corexii_shack_village, layout_rooms, nicolae_ru_path_of_blood,
          serial_aquarium, aquarium_bridge_square [aquarium_subvault_window,
          aquarium_subvault_wall, aquarium_subvault_bridge,
          aquarium_subvault_wall], aquarium_bridge_island_large
          [aquarium_subvault_large_water, aquarium_subvault_balcony,
          aquarium_subvault_bridge, aquarium_subvault_bridge,
          aquarium_subvault_balcony], aquarium_window_corridor_2,
          aquarium_window_2, aquarium_window_fake, aquarium_window_fake,
          aquarium_view_2a, aquarium_pool_five
D:6:      layout_basic, okawaru_metal_pillars_1_2, glass_columns_b,
          minmay_unpleasant_kobolds
Temple:   cyrus_circular_temple

Skill      XL: |  1  2  3  4  5  6  7 |
---------------+----------------------+-----
Long Blades    | 2 3 4 |  4.1
Shields        | 4 5 |  5.8
Armour         | 4 5 |  5.5
Dodging        | 1 2 |  2.0
Fighting       | 4 |  4.5
Evocations     | 1 |  1.5

Action                   |  1- 3 |  4- 6 |  7- 9 || total
-------------------------+-------+-------+-------++-------
Melee: Long sword        |    94 |   255 |    65 ||   414
  Use: Scroll            |     5 |     3 |     1 ||     9
       Potion            |       |     5 |       ||     5
 Stab: Invisible         |       |     1 |       ||     1
Armor: Scale mail        |    38 |       |       ||    38
       Chain mail        |     5 |   137 |    28 ||   170
Dodge: Dodged            |    46 |    97 |    19 ||   162
Block: Buckler           |    45 |   151 |    30 ||   226
       Reflection        |     1 |     2 |       ||     3

Table legend: (Time is in decaauts)
 A = Elapsed time spent in this place.
 B = Non-inter-level travel time spent in this place.
 C = Inter-level travel time spent in this place.
 D = Time resting spent in this place.
 E = Time spent auto-exploring this place.
 F = Levels seen in this place.
 G = Mean time per level.
                   A        B        C        D        E       F      G
               +--------+--------+--------+--------+--------+-----+--------+
         Total |   5721 |   5589 |    132 |    407 |   4160 |   7 |  817.3 |
       Dungeon |   5665 |   5543 |    122 |    407 |   4122 |   6 |  944.2 |
        Temple |     55 |     45 |     10 |      0 |     38 |   1 |   55.0 |
               +--------+--------+--------+--------+--------+-----+--------+

Top non-repeatable levels by time:
     D:2: 1450 daAuts
     D:5: 1227 daAuts
     D:3: 1148 daAuts
     D:1: 1105 daAuts
     D:4: 720 daAuts
  Temple: 55 daAuts
     D:6: 12 daAuts
